 Dungeon Crawl Stone Soup version 0.31-a0-986-g5e6e4ef867 (console) character file.

Game seed: 16561171699139959663

77892 jejorda2 the Cleaver (level 15, -1/181 HPs)
             Began as a Gnoll Berserker on Nov 9, 2023.
             Was a High Priest of Trog.
             Slain by a stone giant (8 damage)
             ... on level 14 of the Dungeon.
             The game lasted 00:56:02 (21977 turns).

jejorda2 the Cleaver (Gnoll Berserker)             Turns: 21977, Time: 00:56:02

Health: -1/181     AC: 29    Str: 31    XL:     15   Next: 58%
Magic:  29/29      EV: 12    Int:  8    God:    Trog [*****.]
Gold:   1037       SH:  0    Dex: 11    Spells: 34/34 levels left

rFire   . . .        b - +8 dire flail {heavy, *Slow rPois Will+ Str+2}
rCold   . . .        (shield currently unavailable)
rNeg    . . .        h - +0 plate armour
rPois   +            e - +2 helmet {SInv}
rElec   .            F - +0 cloak
rCorr   .            p - +0 pair of gloves
SInv    +            v - +2 pair of boots
Will    ++...        S - amulet of faith Stlth
                     l - +4 ring of protection
HPRegen 0.50/turn    t - +6 ring of strength
MPRegen 0.21/turn

%: slow self (1%), faith
@: berserking (expiring), very quick
A: fangs 1, strong nose, distributed training, deterioration 1
a: Renounce Religion, Berserk, Trog's Hand, Brothers in Arms


You were on level 14 of the Dungeon.
You worshipped Trog.
Trog was extremely pleased with you.
You visited 2 branches of the dungeon, and saw 19 of its levels.
You also visited: Gauntlet.

You collected 1405 gold pieces.
You spent 368 gold pieces at shops.

Inventory:

Hand Weapons
 a - a +3 battleaxe
 b - the +8 dire flail "Goblinslayer" (weapon) {heavy, *Slow rPois Will+ Str+2}
   (You took it off an ogre on level 5 of the Dungeon)

   Str+2:     It affects your strength (+2).
   rPois:     It protects you from poison Will+: It increases your willpower.
   *Slow:     It may slow you when you take damage.
 B - the +3 mace "Wogehedd" {freeze, rF+ rN++}
   (You found it on level 6 of the Dungeon)

   rF+:       It protects you from fire.
   rN++:      It greatly protects you from negative energy.
Missiles
 g - 5 atropa-tipped darts
 o - 31 poisoned darts (quivered)
 u - a curare-tipped dart
 y - 7 boomerangs
 J - 8 silver javelins
 Q - 5 datura-tipped darts
Armour
 e - a +2 helmet of see invisible (worn)
 h - a +0 plate armour (worn)
 p - a +0 pair of gloves (worn)
 v - a +2 pair of boots (worn)
 F - a +0 cloak (worn)
Jewellery
 l - a +4 ring of protection (left hand)
 t - a +6 ring of strength (right hand)
 w - a ring of resist corrosion
 H - a ring of ice
 I - a ring of ice
 L - the ring of Raoq {*Slow +Blink rPois Will+++ Str-3 Int+6}
   (You took it off a minotaur in a Gauntlet)

   [ring of intelligence]

   Str-3:     It affects your strength (-3).
   Int+6:     It affects your intelligence (+6).
   rPois:     It protects you from poison Will+++: It greatly increases your
   willpower.
   +Blink:    It lets you blink.
   *Slow:     It may slow you when you take damage.
 S - an amulet of faith (around neck)
Wands
 n - a wand of flame (49)
 q - a wand of charming (20)
 A - a wand of digging (6)
 D - a wand of polymorph (9)
 K - a wand of mindburst (11)
 N - a wand of iceblast (10)
 O - a wand of quicksilver (5)
Scrolls
 d - 2 scrolls of fear
 j - 7 scrolls of teleportation
 k - 8 scrolls of blinking
 r - a scroll of enchant armour
 s - 4 scrolls of revelation
 G - 2 scrolls of immolation
 M - 4 scrolls of poison
 P - a scroll of silence
 R - a scroll of identify
Potions
 c - 4 potions of attraction
 f - 17 potions of curing
 i - 5 potions of haste
 m - 2 potions of might
 x - 3 potions of mutation
 z - a potion of cancellation
 C - 3 potions of enlightenment
 E - 2 potions of resistance
 T - a potion of heal wounds
 U - 2 potions of invisibility
 V - 2 potions of ambrosia


   Skills:
 + Level 12.2 Fighting
 + Level 10.4 Short Blades
 + Level 10.4 Long Blades
 + Level 12.2 Axes
 + Level 10.4 Maces & Flails
 + Level 10.4 Polearms
 + Level 10.4 Staves
 + Level 10.4 Ranged Weapons
 + Level 10.4 Throwing
 + Level 11.3 Armour
 + Level 11.3 Dodging
 + Level 10.4 Stealth
 + Level 10.4 Shields
 + Level 10.4 Unarmed Combat
 + Level 10.4 Spellcasting
 + Level 8.7 Conjurations
 + Level 8.7 Hexes
 + Level 8.7 Summonings
 + Level 8.7 Necromancy
 + Level 8.7 Translocations
 + Level 8.7 Transmutations
 + Level 8.7 Fire Magic
 + Level 8.7 Ice Magic
 + Level 8.7 Air Magic
 + Level 8.7 Earth Magic
 + Level 8.7 Poison Magic
 + Level 11.3 Invocations
 + Level 10.4 Evocations
 + Level 9.5 Shapeshifting


You had 34 spell levels left.
You didn't know any spells.
Your spell library was empty.

Dungeon Overview and Level Annotations

Branches:
Dungeon (14/15)            Temple (0/1) D:4            Lair (5/5) D:9
 Shoals (0/4) Lair:2        Snake (0/4) Lair:3        Slime (0/5) Lair:4
    Orc (0/2) D:11         Vaults (0/5) D:13        Gauntlet (visited)

Altars:
Ashenzari
Cheibriados
Gozag
Hepliaklqana
Kikubaaqudgha
Makhleb
Okawaru
Sif Muna
Trog
Vehumet
Wu Jian
Xom
Zin
Jiyva

Shops:
D:6 ?[(   D:9 [

Annotations:
D:8 2 transporters, gelatine's ghost, novice DsWn
Lair:2 2 runed translucent doors, pigah's ghost, journeyman OpSh
Lair:4 1 runed translucent door


Innate Abilities, Weirdness & Mutations

You have very sharp teeth.
Your uncanny sense of smell can sniff out nearby items.
Your experience applies equally to all skills.
Your body sometimes deteriorates upon taking damage.


Message History

The storm dragon is heavily wounded.
The storm dragon misses you. The storm dragon barely misses you.
The storm dragon closely misses you.
You hit the storm dragon.
The storm dragon is heavily wounded.
The storm dragon breathes lightning at you.
The bolt of lightning hits you!!
* * * LOW HITPOINT WARNING * * *
You hit the storm dragon but do no damage.
You bite the storm dragon.
The storm dragon is heavily wounded.
The storm dragon barely misses you. The storm dragon claws you.
* * * LOW HITPOINT WARNING * * *
The storm dragon tramples you but does no damage.
You sock the storm dragon!
The storm dragon is severely wounded.
The storm dragon closely misses you. The storm dragon misses you.
The storm dragon tramples you but does no damage.
A stone giant comes into view.
You skewer the storm dragon like a kebab!!!
You feel the power of Trog in you as your rage grows.
You kill the storm dragon!
Trog accepts your kill.
You sock the queen bee!
The queen bee is almost dead.
You hammer the queen bee like a gong!!!
You kill the queen bee!
Trog accepts your kill.
A yaktaur comes into view.
The yaktaur shouts!
You impale the stone giant!!
The stone giant is moderately wounded.
You barely miss the stone giant.
The stone giant is moderately wounded.
The stone giant hits you!!
* * * LOW HITPOINT WARNING * * *
You beat the stone giant like a drum!!!
The stone giant is severely wounded.
The stone giant hits you!
You die...

#######
###.....#####
##...###.....##
#####..###
###....######
......##
##......... ###..##
##.####### #..#
#@.# #.## ∆ ##C#
#.# ∆∆∆#.:.'c# #.##
∆ #.e##.# #..# #..
..# ####|## ...
#..# ......## .Q
#.... .......###.
##.....
######..!###...####


You could see a stone giant and a yaktaur.

Vanquished Creatures
  Jorgrun (D:14)
  Rupert (Lair:4)
  A tengu reaver (D:14)
  2 storm dragons
  A cacodemon (Gauntlet)
  4 dire elephants (Lair:5)
  A minotaur (Gauntlet)
  Josephine (D:14)
  A yaktaur captain (D:11)
  An entropy weaver (shapeshifter) (D:14)
  A hydra (Lair:4)
  An ogre mage (D:14)
  4 two-headed ogres
  Erica (D:9)
  6 boulder beetles
  A death yak (Lair:5)
  Amaemon (Lair:2)
  5 skeletal warriors
  A spectral anaconda (Lair:5)
  An obsidian statue (Lair:5)
  2 deep elf archers
  2 orc knights
  2 necromancers (Lair:5)
  A deep elf pyromancer (D:12)
  An ugly thing (D:12)
  A cyclops (D:12)
  A guardian serpent (shapeshifter) (D:13)
  29 elephants
  6 black mambas
  Joseph (D:8)
  A merfolk siren (Lair:2)
  12 cane toads
  2 torpor snails
  2 dire elephant skeletons (Lair:5)
  An orange demon (Lair:2)
  A gargoyle (D:14)
  A rime drake (shapeshifter) (D:14)
  A hellion (Gauntlet)
  A minotaur zombie (Gauntlet)
  Psyche (D:8)
  A kobold demonologist (D:13)
  2 rime drakes
  3 komodo dragons
  A queen bee (shapeshifter) (D:14)
  11 blink frogs
  12 dream sheep
  4 slime creatures (D:13)
  A spriggan (Lair:4)
  30 yaks
  A vampire (D:10)
  7 wraiths
  7 wyverns
  14 humans (D:13)
  Grum (D:8)
  A steam dragon (Lair:1)
  18 vampire mosquitoes
  3 basilisks
  A neqoxec (Gauntlet)
  A spectral cane toad (Lair:5)
  2 wargs (D:9)
  5 acid dragons
  3 nagas (Lair:3)
  A hell hound (Gauntlet)
  19 water moccasins
  An ice beast (D:6)
  The ghost of avis the Ducker, an amateur FeAr (D:5)
  7 orc warriors
  3 sky beasts
  A black bear (D:7)
  5 ogres
  3 wolves (D:8)
  2 elephant skeletons (Lair:5)
  11 centaurs
  A phantom (D:6)
  4 kobold brigands
  21 bullfrogs
  3 scorpions
  2 cane toad simulacra (Lair:5)
  An electric eel (D:7)
  4 howler monkeys
  A jelly (D:7)
  2 lava snakes (D:7)
  9 orc priests
  A hound (D:4)
  2 iguanas
  19 orc wizards
  7 gnolls
  9 adders
  3 white imps
  2 ufetubi (D:5)
  A worm (D:3)
  5 dart slugs
  28 orcs
  4 bats
  9 endoplasms
  3 giant cockroaches
  8 goblins
  4 hobgoblins
  4 jackals (D:5)
  24 kobolds
  3 quokkas
  4 ball pythons
  5 frilled lizards
  6 rats
487 creatures vanquished.

Vanquished Creatures (collateral kills)
  A centaur warrior (D:13)
  4 skeletal warriors (D:13)
  A necromancer (Lair:5)
  A gargoyle (D:13)
  A troll (D:11)
  2 humans (D:13)
  An orc (D:11)
11 creatures vanquished.

Vanquished Creatures (others)
  A bullfrog (Lair:1)
1 creature vanquished.

Grand Total: 499 creatures vanquished

Notes
Turn   | Place    | Note
-------+----------+-------------------------------------------
     0 | D:1      | jejorda2 the Gnoll Berserker began the quest for the Orb.
     0 | D:1      | Reached XP level 1. HP: 23/23 MP: 1/1
   175 | D:1      | Reached XP level 2. HP: 20/29 MP: 2/2
   668 | D:2      | Reached XP level 3. HP: 23/35 MP: 2/4
   892 | D:2      | Reached skill level 1 in Invocations
  1171 | D:2      | Reached ** piety under Trog
  1333 | D:2      | Reached skill level 1 in Short Blades
  1333 | D:2      | Reached skill level 1 in Long Blades
  1333 | D:2      | Reached skill level 1 in Maces & Flails
  1333 | D:2      | Reached skill level 1 in Polearms
  1333 | D:2      | Reached skill level 1 in Staves
  1333 | D:2      | Reached skill level 1 in Ranged Weapons
  1333 | D:2      | Reached skill level 1 in Throwing
  1333 | D:2      | Reached skill level 1 in Stealth
  1333 | D:2      | Reached skill level 1 in Shields
  1333 | D:2      | Reached skill level 1 in Unarmed Combat
  1333 | D:2      | Reached skill level 1 in Spellcasting
  1333 | D:2      | Reached skill level 1 in Evocations
  1549 | D:3      | Reached XP level 4. HP: 41/41 MP: 5/5
  1630 | D:3      | Reached skill level 1 in Shapeshifting
  1855 | D:3      | Found a faded altar of an unknown god.
  2159 | D:3      | Reached skill level 1 in Conjurations
  2159 | D:3      | Reached skill level 1 in Hexes
  2159 | D:3      | Reached skill level 1 in Summonings
  2159 | D:3      | Reached skill level 1 in Necromancy
  2159 | D:3      | Reached skill level 1 in Translocations
  2159 | D:3      | Reached skill level 1 in Transmutations
  2159 | D:3      | Reached skill level 1 in Fire Magic
  2159 | D:3      | Reached skill level 1 in Ice Magic
  2159 | D:3      | Reached skill level 1 in Air Magic
  2159 | D:3      | Reached skill level 1 in Earth Magic
  2159 | D:3      | Reached skill level 1 in Poison Magic
  2303 | D:4      | Noticed a bullfrog
  2316 | D:3      | Killed a bullfrog
  2317 | D:3      | Reached XP level 5. HP: 46/47 MP: 5/7
  2630 | D:4      | Reached XP level 6. HP: 53/53 MP: 8/8
  2654 | D:4      | Found an ornate altar of the Wu Jian Council.
  2826 | D:4      | Found a staircase to the Ecumenical Temple.
  2961 | D:4      | Reached skill level 5 in Armour
  2961 | D:4      | Reached skill level 5 in Dodging
  3387 | D:5      | Entered Level 5 of the Dungeon
  3505 | D:5      | Found a transporter.
  3508 | D:5      | Noticed avis's ghost (amateur FeAr)
  3508 | D:5      | Identified the +8 dire flail "Goblinslayer" {heavy, *Slow
                  | rPois Will+ Str+2}
  3509 | D:5      | Found a transporter.
  3535 | D:5      | Reached *** piety under Trog
  3646 | D:5      | Found a hazy altar of Hepliaklqana.
  3734 | D:5      | Reached XP level 7. HP: 59/59 MP: 10/10
  4610 | D:6      | Identified the +3 mace "Wogehedd" {freeze, rF+ rN++}
  4922 | D:6      | Reached XP level 8. HP: 56/67 MP: 12/12
  5702 | D:6      | Found Qocilug's Antique Armour Boutique.
  5737 | D:6      | Found Reros's Magic Scroll Emporium.
  6091 | D:6      | Found Vacuf's Weapon Emporium.
  6224 | D:7      | Reached XP level 9. HP: 69/73 MP: 14/14
  7490 | D:6      | Bought a scroll of identify for 26 gold pieces
  7529 | D:6      | Bought a runed helmet for 172 gold pieces
  7529 | D:6      | Bought a pair of gloves for 103 gold pieces
  7596 | D:5      | Killed avis's ghost
  7715 | D:8      | Noticed Psyche
  7737 | D:8      | Killed Psyche
  7738 | D:8      | Reached skill level 5 in Invocations
  7921 | D:8      | Noticed Joseph
  7931 | D:8      | Reached XP level 10. HP: 80/80 MP: 17/17
  7934 | D:8      | Killed Joseph
  7935 | D:8      | Reached skill level 5 in Short Blades
  7935 | D:8      | Reached skill level 5 in Long Blades
  7935 | D:8      | Reached skill level 5 in Maces & Flails
  7935 | D:8      | Reached skill level 5 in Polearms
  7935 | D:8      | Reached skill level 5 in Staves
  7935 | D:8      | Reached skill level 5 in Ranged Weapons
  7935 | D:8      | Reached skill level 5 in Throwing
  7935 | D:8      | Reached skill level 5 in Stealth
  7935 | D:8      | Reached skill level 5 in Shields
  7935 | D:8      | Reached skill level 5 in Unarmed Combat
  7935 | D:8      | Reached skill level 5 in Spellcasting
  7935 | D:8      | Reached skill level 5 in Evocations
  8031 | D:8      | Noticed Grum
  8038 | D:8      | Killed Grum
  8153 | D:8      | Found a shimmering blue altar of Sif Muna.
  8153 | D:8      | Found an opulent altar of Gozag.
  8159 | D:8      | Found a burning altar of Makhleb.
  8184 | D:8      | Found an iron altar of Okawaru.
  8185 | D:8      | Found a bloodstained altar of Trog.
  8187 | D:8      | Found a shimmering altar of Xom.
  8192 | D:8      | Found a radiant altar of Vehumet.
  8195 | D:8      | Found a glowing silver altar of Zin.
  8199 | D:8      | Found an ancient bone altar of Kikubaaqudgha.
  8226 | D:8      | Found a transporter.
  8231 | D:8      | Noticed gelatine's ghost (novice DsWn)
  8248 | D:8      | Found a transporter.
  8629 | D:9      | Reached **** piety under Trog
  8788 | D:9      | Noticed Erica
  8793 | D:9      | Killed Erica
  8794 | D:9      | Reached skill level 5 in Shapeshifting
  8864 | D:9      | Found Unisifei's Armour Shoppe.
  8873 | D:9      | Bought a +0 cloak for 67 gold pieces
  9104 | D:9      | Found a staircase to the Lair.
  9400 | D:10     | Entered Level 10 of the Dungeon
  9440 | D:10     | Reached XP level 11. HP: 87/87 MP: 19/19
  9493 | D:10     | Reached skill level 5 in Conjurations
  9493 | D:10     | Reached skill level 5 in Hexes
  9493 | D:10     | Reached skill level 5 in Summonings
  9493 | D:10     | Reached skill level 5 in Necromancy
  9493 | D:10     | Reached skill level 5 in Translocations
  9493 | D:10     | Reached skill level 5 in Transmutations
  9493 | D:10     | Reached skill level 5 in Fire Magic
  9493 | D:10     | Reached skill level 5 in Ice Magic
  9493 | D:10     | Reached skill level 5 in Air Magic
  9493 | D:10     | Reached skill level 5 in Earth Magic
  9493 | D:10     | Reached skill level 5 in Poison Magic
  9548 | D:10     | Noticed a boulder beetle
  9562 | D:10     | Killed a boulder beetle
  9883 | D:10     | Found a snail-covered altar of Cheibriados.
 10526 | D:11     | Found a staircase to the Orcish Mines.
 10646 | D:11     | Noticed a yaktaur captain
 10646 | D:11     | Noticed a storm dragon
 10646 | D:11     | Noticed a boulder beetle
 10651 | D:11     | Noticed a deep elf archer
 10659 | D:11     | Killed a yaktaur captain
 10666 | D:11     | Noticed an orc knight
 10667 | D:11     | Killed a storm dragon
 10678 | D:11     | Killed an orc knight
 10679 | D:11     | Reached XP level 12. HP: 25/97 MP: 4/22
 11120 | D:11     | Killed a boulder beetle
 11269 | D:11     | Noticed a boulder beetle
 11277 | D:11     | Killed a boulder beetle
 11404 | D:14     | Identified the of Viank
 11404 | Lair:1   | Entered Level 1 of the Lair of Beasts
 11649 | Lair:1   | Reached skill level 10 in Fighting
 11649 | Lair:1   | Reached skill level 10 in Axes
 12661 | Lair:2   | Found a gate leading to a gauntlet.
 12670 | Gauntlet | Entered a Gauntlet
 12670 | Gauntlet | Found a transporter.
 12670 | Gauntlet | Found a transporter.
 12673 | Gauntlet | Found a transporter.
 12673 | Gauntlet | Found a transporter.
 12676 | Gauntlet | Found a transporter.
 12676 | Gauntlet | Found a transporter.
 12686 | Gauntlet | Found a transporter.
 12686 | Gauntlet | Found a transporter.
 12690 | Gauntlet | Found a transporter.
 12700 | Gauntlet | Found a transporter.
 12700 | Gauntlet | Noticed a cacodemon
 12806 | Gauntlet | Found a transporter.
 12821 | Gauntlet | Found a transporter.
 13072 | Gauntlet | Identified the amulet of Levity {Spirit +Inv}
 13145 | Gauntlet | Gained mutation: Your body sometimes deteriorates upon
                  | taking damage. [a cacodemon]
 13147 | Gauntlet | Killed a cacodemon
 13162 | Gauntlet | Identified the ring "Jinov" {rC+ Will- MP+9 Int+6 Stlth+}
 13213 | Gauntlet | Identified the ring of Raoq {*Slow +Blink rPois Will+++
                  | Str-3 Int+6}
 13213 | Gauntlet | Noticed a minotaur
 13224 | Gauntlet | Killed a minotaur
 13225 | Gauntlet | Reached XP level 13. HP: 104/104 MP: 21/25
 13466 | Lair:2   | Noticed Amaemon
 13478 | Lair:2   | Killed Amaemon
 13558 | Lair:2   | Found a shimmering altar of Xom.
 13610 | Lair:2   | Found a staircase to the Shoals.
 13895 | Lair:2   | Found a large runed translucent door.
 13895 | Lair:2   | Found a large runed translucent door.
 13898 | Lair:2   | Noticed pigah's ghost (journeyman OpSh)
 14922 | Lair:3   | You fall into a shaft and drop 2 floors!
 14922 | Lair:5   | Entered Level 5 of the Lair of Beasts
 15189 | Lair:3   | Found a staircase to the Snake Pit.
 15499 | Lair:4   | Reached skill level 10 in Armour
 15499 | Lair:4   | Reached skill level 10 in Dodging
 15601 | Lair:4   | Noticed Rupert
 15618 | Lair:4   | Killed Rupert
 15756 | Lair:4   | Reached XP level 14. HP: 109/113 MP: 24/27
 15917 | Lair:4   | Identified the staff "Tiedgh" {rF+ Dex+4 Fire}
 16027 | Lair:4   | Found a runed translucent door.
 16028 | Lair:4   | Found a viscous altar of Jiyva.
 16029 | Lair:4   | Noticed an acid blob
 16030 | Lair:4   | Found a staircase to the Slime Pits.
 16473 | Lair:5   | Reached skill level 10 in Invocations
 16624 | Lair:5   | Reached ***** piety under Trog
 17381 | Lair:5   | Noticed a dire elephant
 17381 | Lair:5   | Noticed a dire elephant
 17382 | Lair:5   | Noticed a dire elephant
 17400 | Lair:5   | Killed a dire elephant
 17456 | Lair:5   | Noticed a dire elephant
 17465 | Lair:5   | Killed a dire elephant
 17838 | Lair:5   | Killed a dire elephant
 18204 | Lair:5   | Killed a dire elephant
 19715 | D:13     | Noticed Nessos
 19715 | D:13     | Found a gate to the Vaults.
 19969 | D:13     | Found a broken altar of Ashenzari.
 20095 | D:13     | Reached XP level 15. HP: 68/120 MP: 28/28
 20106 | D:13     | Reached skill level 10 in Short Blades
 20106 | D:13     | Reached skill level 10 in Long Blades
 20106 | D:13     | Reached skill level 10 in Maces & Flails
 20106 | D:13     | Reached skill level 10 in Polearms
 20106 | D:13     | Reached skill level 10 in Staves
 20106 | D:13     | Reached skill level 10 in Ranged Weapons
 20106 | D:13     | Reached skill level 10 in Throwing
 20106 | D:13     | Reached skill level 10 in Stealth
 20106 | D:13     | Reached skill level 10 in Shields
 20106 | D:13     | Reached skill level 10 in Unarmed Combat
 20106 | D:13     | Reached skill level 10 in Spellcasting
 20106 | D:13     | Reached skill level 10 in Evocations
 20478 | D:13     | Nessos changed into Nessos the komodo dragon
 20478 | D:13     | Noticed Nessos
 20487 | D:13     | Killed Nessos the komodo dragon
 21436 | D:14     | Noticed Josephine
 21451 | D:14     | Killed Josephine
 21762 | D:14     | Received a gift from Trog
 21854 | D:14     | Noticed Jorgrun
 21869 | D:14     | Killed Jorgrun
 21942 | D:14     | Noticed a tengu reaver
 21962 | D:14     | Killed a tengu reaver
 21966 | D:14     | Noticed a storm dragon
 21972 | D:14     | Killed a storm dragon
 21976 | D:14     | HP: 7/181 [stone giant (27)]
 21977 | D:14     | Slain by a stone giant

Illustrated notes

Levels and vault maps discovered:
D:1:      amcnicky_arrival_choice, layout_basic
D:2:      layout_loops_corners, st_stairs_10, dk_noncrumbling_2,
          hangedman_decor_clover_reticule
D:3:      minmay_spotlight, layout_basic, ebering_ecumenical_altar_box
D:4:      layout_loops_corners, pdpol_wu_jian_five_deadly_venoms,
          minmay_temple_entry_junction_2
D:5:      layout_basic, nicolae_hepliaklqana_hazy_memory, gammafunk_ghost_smash
D:6:      layout_loops_ring, serial_shops, nicolae_shop_pleasant_corner_grove,
          shop_statue, nicolae_take_the_stairs, minmay_crystal_room
D:7:      layout_loops_ring, kennysheep_cross_bottleneck,
          minmay_misc_feat_cross, minivault_14
D:8:      layout_cave_pools, nicolae_overflow_hallway_of_the_gods,
          gammafunk_ghost_stat_death, uniq_psyche, uniq_joseph, uniq_grum
D:9:      layout_basic, erik_lair_orcish_takeover, serial_shops, shop_statue,
          uniq_erica
D:10:     layout_loops_ring, kennysheep_slug_shrine
D:11:     minmay_glassy_protrusions, layout_loops_cross, david_orc_3
D:12:     layout_basic
D:13:     layout_gridville, david_vaults_3, serial_bayou_pond_d,
          ashenzari_altar_1
D:14:     minmay_expanding_circles, layout_long_grid,
          minmay_checkered_concentric_circles, uniq_jorgrun, uniq_josephine
Lair:1:   layout_cave_pods
Lair:2:   layout_regular_city, minmay_shoals_entry_lonely_mermaid,
          gauntlet_entry_generic, basic_altar, ebering_ghost_disaster_area,
          infiniplex_staircase_pool, grunt_megastairs_3, uniq_amaemon
Lair:3:   layout_chaotic_city, nicolae_snake_entry_squirm
Lair:4:   layout_small_grid, slime_entry_2, grunt_forest_large_clearing_hut,
          uniq_rupert
Lair:5:   due_jungle_book, layout_regular_city,
          eino_small_chamber_without_monster, lemuel_fruit_tree

Skill      XL: |  1  2  3  4  5  6  7  8  9 10 11 12 13 14 15 |
---------------+----------------------------------------------+-----
Invocations    | 1 2 3 4 5 6 7 8 9 10 11 | 11.3
Short Blades   | 1 2 3 4 5 6 8 9 10 | 10.4
Long Blades    | 1 2 3 4 5 6 8 9 10 | 10.4
Maces & Flails | 1 2 3 4 5 6 8 9 10 | 10.4
Polearms       | 1 2 3 4 5 6 8 9 10 | 10.4
Staves         | 1 2 3 4 5 6 8 9 10 | 10.4
Ranged Weapons | 1 2 3 4 5 6 8 9 10 | 10.4
Throwing       | 1 2 3 4 5 6 8 9 10 | 10.4
Stealth        | 1 2 3 4 5 6 8 9 10 | 10.4
Shields        | 1 2 3 4 5 6 8 9 10 | 10.4
Unarmed Combat | 1 2 3 4 5 6 8 9 10 | 10.4
Spellcasting   | 1 2 3 4 5 6 8 9 10 | 10.4
Evocations     | 1 2 3 4 5 6 8 9 10 | 10.4
Shapeshifting  | 1 2 3 4 5 6 7 8 9 |  9.5
Conjurations   | 1 2 3 4 5 6 7 8 |  8.7
Hexes          | 1 2 3 4 5 6 7 8 |  8.7
Summonings     | 1 2 3 4 5 6 7 8 |  8.7
Necromancy     | 1 2 3 4 5 6 7 8 |  8.7
Translocations | 1 2 3 4 5 6 7 8 |  8.7
Transmutations | 1 2 3 4 5 6 7 8 |  8.7
Fire Magic     | 1 2 3 4 5 6 7 8 |  8.7
Ice Magic      | 1 2 3 4 5 6 7 8 |  8.7
Air Magic      | 1 2 3 4 5 6 7 8 |  8.7
Earth Magic    | 1 2 3 4 5 6 7 8 |  8.7
Poison Magic   | 1 2 3 4 5 6 7 8 |  8.7
Armour         | 5 6 7 8 9 10 11 | 11.3
Dodging        | 5 6 7 8 9 10 11 | 11.3
Fighting       | 7 8 9 10 11 12 | 12.2
Axes           | 7 8 9 10 11 12 | 12.2

Action                     |  1- 3 |  4- 6 |  7- 9 | 10-12 | 13-15 || total
---------------------------+-------+-------+-------+-------+-------++-------
  Melee: Hand axe          |    86 |   190 |   314 |    18 |       ||   608
         Bite              |     5 |    17 |    33 |    46 |   104 ||   205
         Punch             |       |     3 |    10 |     1 |       ||    14
         Dire flail        |       |       |    23 |   322 |   554 ||   899
         Battleaxe         |       |       |       |    33 |   123 ||   156
         Mace              |       |       |       |     9 |       ||     9
  Throw: Dart              |       |     3 |     9 |    34 |    58 ||   104
         Boomerang         |       |       |       |       |    13 ||    13
 Invoke: Berserk           |     1 |     2 |     9 |    12 |    16 ||    40
         Trog's Hand       |       |     1 |     4 |     4 |     8 ||    17
         Brothers in Arms  |       |       |       |     2 |     2 ||     4
  Evoke: Wand              |       |       |     2 |       |     4 ||     6
    Use: Scroll            |       |       |    18 |     7 |     9 ||    34
         Potion            |       |       |     1 |       |       ||     1
   Stab: Sleeping          |     2 |       |       |       |       ||     2
 Armour: Leather armour    |    38 |       |       |       |       ||    38
         Ring mail         |     1 |    12 |       |       |       ||    13
         Scale mail        |       |   118 |    64 |       |       ||   182
         Plate armour      |       |       |   243 |   502 |   860 ||  1605
  Dodge: Dodged            |    54 |   115 |    95 |   212 |   460 ||   936

Table legend: (Time is in decaauts)
 A = Elapsed time spent in this place.
 B = Non-inter-level travel time spent in this place.
 C = Inter-level travel time spent in this place.
 D = Time resting spent in this place.
 E = Time spent auto-exploring this place.
 F = Levels seen in this place.
 G = Mean time per level.
                   A        B        C        D        E       F      G
               +--------+--------+--------+--------+--------+-----+--------+
         Total |  22588 |  21358 |   1230 |   2884 |  14118 |  20 | 1129.4 |
       Dungeon |  15046 |  14069 |    977 |   2147 |   9262 |  14 | 1074.7 |
          Lair |   6888 |   6635 |    253 |    665 |   4569 |   5 | 1377.6 |
      Gauntlet |    653 |    653 |      0 |     72 |    287 |   1 |  653.0 |
               +--------+--------+--------+--------+--------+-----+--------+

Top non-repeatable levels by time:
  Lair:5: 2577 daAuts
    D:13: 1886 daAuts
     D:6: 1869 daAuts
     D:7: 1443 daAuts
  Lair:3: 1238 daAuts
  Lair:1: 1206 daAuts
    D:11: 1102 daAuts
     D:4: 1088 daAuts
    D:12: 1077 daAuts
    D:10: 1020 daAuts
     D:5: 1005 daAuts
  Lair:2: 973 daAuts
     D:9: 956 daAuts
     D:2: 945 daAuts
  Lair:4: 892 daAuts
